 Dungeon Crawl Stone Soup version 0.30.0-20-g3b4254fcbd (webtiles) character file.

Game seed: 4825116137472313638

224430 IndexError the Fighter (level 17, -3/162 HPs)
             Began as a Demigod Conjurer on May 29, 2023.
             Slain by a frost giant
             ... wielding a +1 battleaxe of freezing
              (20 damage)
             ... on level 13 of the Dungeon on June 2, 2023.
             The game lasted 02:19:58 (47535 turns).

IndexError the Fighter (Demigod Conjurer)          Turns: 47535, Time: 02:19:59

Health: -3/162     AC: 23    Str:  8      XL:     17   Next: 53%
Magic:  12/47      EV: 14    Int: 40      God:
Gold:   2764       SH:  0    Dex:  9 (12) Spells: 3/40 levels left

rFire   + . .        Q - staff of air {rElec}
rCold   . . .        (no shield)
rNeg    . . .        S - +2 leather armour {rF+}
rPois   .            t - +2 helmet
rElec   +            T - +1 cloak "Fivuseh" {MP+9}
rCorr   .            w - +2 pair of gloves
SInv    .            R - +2 pair of boots {Stlth+}
Will    ++...        L - amulet of magic regeneration
Stlth   ++           i - +4 ring of protection
HPRegen 0.47/turn    Z - ring of willpower
MPRegen 0.70/turn

%: no passive effects
@: lethally poisoned (-3 -> -14), very slightly contaminated, studying 2 skills
A: high MP 1, forlorn, divine attributes, robust 1, MP-powered wands
}: 2/15 runes: decaying, gossamer
a: no special abilities


You were on level 13 of the Dungeon.
You visited 5 branches of the dungeon, and saw 29 of its levels.
You also visited: Gauntlet.

You collected 5524 gold pieces.
You spent 2760 gold pieces at shops.

Inventory:

Hand Weapons
 g - the +6 whip "Nenete" {flame, +Blink rPois Str+4}
   (You found it on level 14 of the Dungeon)

   Str:       It affects your strength (+4).
   rPois:     It protects you from poison.
   +Blink:    It lets you blink.
Armour
 t - a +2 helmet (worn)
   (You found it on level 7 of the Dungeon)
 w - a +2 pair of gloves (worn)
   (You found it on level 5 of the Dungeon)
 x - a scarf of repulsion
   (You found it on level 4 of the Spider Nest)
 A - the +2 cloak "Comita Aluc" {rPois rF- Dex+3}
   (You found it in a Gauntlet)

   Dex:       It affects your dexterity (+3).
   rF:        It makes you vulnerable to fire.
   rPois:     It protects you from poison.
 R - a +2 pair of boots of stealth (worn)
   (You bought it in a shop on level 2 of the Orcish Mines)
 S - a +2 leather armour of fire resistance (worn)
   (You found it in a Gauntlet)
 T - the +1 cloak "Fivuseh" (worn) {MP+9}
   (You found it in a Gauntlet)

   MP:        It affects your magic capacity (+9).
Magical Staves
 M - a staff of fire {rF+}
   (You found it on level 9 of the Dungeon)
 Q - a staff of air (weapon) {rElec}
   (You found it on level 10 of the Dungeon)
Jewellery
 d - a +6 ring of intelligence
   (You found it on level 11 of the Dungeon)
 i - a +4 ring of protection (left hand)
   (You found it on level 2 of the Dungeon)
 G - a ring of poison resistance {rPois, !d}
   (You found it on level 6 of the Dungeon)
 L - an amulet of magic regeneration (around neck)
   (You found it on level 10 of the Dungeon)
 P - a ring of flight {+Fly, !d}
   (You found it on level 1 of the Spider Nest)
 Z - a ring of willpower (right hand)
   (You found it on level 1 of the Swamp)
Wands
 c - a wand of paralysis (25)
   (You found it on level 7 of the Dungeon)
 h - a wand of roots (33)
   (You found it on level 2 of the Dungeon)
 p - a wand of acid (15)
   (You found it on level 4 of the Dungeon)
 y - a wand of polymorph (12)
   (You found it on level 7 of the Dungeon)
 B - a wand of mindburst (13)
   (You found it on level 8 of the Dungeon)
 C - a wand of flame (68)
   (You found it on level 8 of the Dungeon)
 W - a wand of digging (15)
   (You found it in a Gauntlet)
Scrolls
 a - 6 scrolls of amnesia
 e - 5 scrolls of fog
 j - a scroll of enchant armour
 k - 6 scrolls of fear
 s - 4 scrolls of enchant weapon
 z - 14 scrolls of teleportation
 D - 3 scrolls of magic mapping {!r}
 F - 4 scrolls of butterflies
 H - a scroll of silence
 J - 10 scrolls of identify
 U - 2 scrolls of poison {!r}
 V - 3 scrolls of immolation {!r}
Potions
 b - 3 potions of magic
 f - 6 potions of flight
 l - 13 potions of curing
 m - 6 potions of ambrosia
 n - 6 potions of might
 o - 7 potions of lignification {!q}
 q - 2 potions of berserk rage {!q}
 r - a potion of haste
 v - 2 potions of attraction {!q}
 E - 10 potions of heal wounds
 K - 5 potions of brilliance
 N - 6 potions of cancellation
 O - 8 potions of mutation {!q}
 Y - 4 potions of resistance
Miscellaneous
 u - a phantom mirror
   (You found it on level 4 of the Swamp)
 I - a lightning rod (4/4)
   (You found it on level 1 of the Swamp)
 X - a condenser vane
   (You found it in a Gauntlet)


   Skills:
 + Level 12.9 Fighting
 - Level 10.4 Armour
 - Level 10.0 Dodging
 - Level 1.7 Stealth
 - Level 12.0 Spellcasting
 - Level 10.0 Conjurations
 - Level 5.0 Hexes
 - Level 5.0 Translocations
 + Level 11.4 Fire Magic
 + Level 10.8 Air Magic
 - Level 6.0 Earth Magic
 - Level 10.0 Evocations


You had 3 spell levels left.
You knew the following spells:

 Your Spells              Type           Power      Damage    Failure   Level
a - Magic Dart            Conj           100%       1d8       1%          1
b - Searing Ray           Conj           100%       2d8       1%          2
c - Fulminant Prism       Conj/Hex       35%        3d17      1%          4
d - Blink                 Tloc           100%       N/A       1%          2
e - Plasma Beam           Fire/Air       53%        2x1d74    3%          6
f - Fireball              Conj/Fire      41%        3d17      1%          5
g - Apportation           Tloc           100%       N/A       1%          1
h - Starburst             Conj/Fire      41%        6d12      3%          6
s - Sticky Flame          Conj/Fire      83%        2d9       1%          4
w - Passwall              Tmut/Erth      40%        N/A       1%          2
x - Iskenderun's Mystic   Conj/Tloc      71%        2d14      1%          4

Your spell library contained the following spells:

 Spells                   Type           Power      Damage    Failure   Level
 Foxfire                  Conj/Fire      100%       2x1d9     1%          1
 Kiss of Death            Conj/Necr      100%       2d13      1%          1
 Necrotise                Necr           96%        1d8       1%          1
 Sandblast                Erth           100%       2d20      1%          1
 Slow                     Hex            100%       N/A       1%          1
 Summon Small Mammal      Summ           96%        N/A       1%          1
 Cigotuvi's Dreadful Rot  Necr/Pois/Air  100%       N/A       1%          2
 Ensorcelled Hibernation  Hex/Ice        88%        N/A       1%          2
 Lesser Beckoning         Tloc           100%       N/A       1%          2
 Momentum Strike          Conj/Tloc      100%       3d10      1%          2
 Confusing Touch          Hex            59%        N/A       1%          3
 Dazzling Flash           Conj/Hex       100%       N/A       1%          3
 Hailstorm                Conj/Ice       59%        3d13      1%          3
 Ignite Poison            Fire/Tmut/Pois 53%        N/A       1%          3
 Inner Flame              Hex/Fire       74%        N/A       1%          3
 Stone Arrow              Conj/Erth      100%       3d13      1%          3
 Swiftness                Air            100%       N/A       1%          3
 Vhi's Electric Charge    Tloc/Air       100%       N/A       1%          3
 Frozen Ramparts          Ice            48%        1d8       5%          3
 Vampiric Draining        Necr           24%        2d7       5%          3
 Arcjolt                  Conj/Air       51%        1d61      1%          5
 Freezing Cloud           Conj/Ice/Air   44%        6-21      3%          5
 Animate Armour           Summ/Erth      96%        N/A       5%          4
 Dispel Undead            Necr           24%        3d12      19%         4
 Ice Form                 Ice/Tmut       24%        N/A       19%         4
 Summon Ice Beast         Ice/Summ       24%        N/A       19%         4
 Metabolic Englaciation   Hex/Ice        22%        N/A       19%         5
 Yara's Violent Unravell  Hex/Tmut       22%        3d10      19%         5
 Ignition                 Fire           43%        3d12      75%         8
 Maxwell's Capacitive Co  Air            52%        ∞         82%         8
 Enfeeble                 Hex            29%        N/A       90%         7
 Simulacrum               Ice/Necr       12%        N/A       96%         6
 Lehudib's Crystal Spear  Conj/Erth      36%        10d9      99%         8


Dungeon Overview and Level Annotations

Branches:
Dungeon (14/15)            Temple (0/1) D:4            Lair (5/5) D:10
  Swamp (4/4) Lair:3       Spider (4/4) Lair:3        Slime (0/5) Lair:4
    Orc (2/2) D:9             Elf (0/3) Orc:2        Vaults (0/5) D:14
Gauntlet (visited)

Shops:
D:3 (   Orc:2 :[*(:

Portals:
Trove: D:11 (give +3 gold dragon scales)

Annotations:
Spider:4 Asterion


Innate Abilities, Weirdness & Mutations

You have an increased reservoir of magic. (+10% MP)
You shall have no god before yourself.
Your divine heritage dramatically boosts your attributes as you level up.
You are robust. (+10% HP)
You expend magic power (3 MP) to strengthen your wands.


Message History

Casting: Plasma Beam (dangerous; 3% risk of failure)
Confirm with . or Enter, or press ? or * to list all spells.
Casting: Starburst (dangerous; 3% risk of failure)
Press: ? - help, Dir - look around, f - activate The bolt of fire hits the frost giant!
The frost giant resists.
The bolt of fire hits the ice dragon!!!
The ice dragon is burned terribly!
The bolt of fire hits Cicylist's ghost!!
You feel very sick. Cicylist's ghost closely misses you.
The frost giant hits you with a +1 battleaxe of freezing!
The frost giant freezes you.
You take 19 damage, and have 129/162 hp.
You now have 31/47 mp.
Casting: Starburst (dangerous; 3% risk of failure)
Confirm with . or Enter, or press ? or * to list all spells.
Casting: Starburst (dangerous; 3% risk of failure)
Press: ? - help, Dir - look around, f - activate The bolt of fire hits Cicylist's ghost!!
The bolt of fire hits the rime drake!!
The bolt of fire hits the frost giant!
The frost giant resists.
The bolt of fire hits the centaur warrior simulacrum!!!!
The centaur warrior simulacrum melts!
You hear a sizzling sound!
You feel sick.
Cicylist's ghost hits you but does no damage.
You are more poisoned.
The frost giant points at you and mumbles some strange words.
The bolt of cold misses you.
You take 1 damage, and have 128/162 hp.
You now have 26/47 mp.
Casting: Starburst (dangerous; 3% risk of failure)
Confirm with . or Enter, or press ? or * to list all spells.
Aiming: Apportation (safe; 1% risk of failure)
Press: ? - help, Dir - move target Apport: a +0 chain mail
Okay, then.
Unknown command.
Casting: Apportation (safe; 1% risk of failure)
Confirm with . or Enter, or press ? or * to list all spells.
Casting: Starburst (dangerous; 3% risk of failure)
Press: ? - help, Dir - look around, f - activate The bolt of fire hits the frost giant!
The frost giant resists.
The bolt of fire hits the redback simulacrum!!!
The redback simulacrum melts!
You hear a sizzling sound!
The bolt of fire hits Cicylist's ghost!!
You feel very sick. Cicylist's ghost misses you.
The frost giant gestures at you while chanting.
The bolt of cold hits you!
You feel your strength returning.
You take 14 damage, and have 114/162 hp.
You now have 21/47 mp.
Casting: Starburst (dangerous; 3% risk of failure)
Confirm with . or Enter, or press ? or * to list all spells.
Casting: Starburst (dangerous; 3% risk of failure)
Press: ? - help, Dir - look around, f - activate You miscast Starburst.
You are very lightly contaminated with residual magic.
Nothing appears to happen.
You feel very sick. Cicylist's ghost hits you.
You are more poisoned.
The frost giant hits you with a +1 battleaxe of freezing!!
The frost giant freezes you.
You take 32 damage, and have 82/162 hp.
You now have 15/47 mp.
Casting: Starburst (dangerous; 3% risk of failure)
Confirm with . or Enter, or press ? or * to list all spells.
Aiming: Apportation (safe; 1% risk of failure)
Press: ? - help, Dir - move target Apport: a +0 chain mail
Okay, then.
Unknown command.
You feel very sick.
The centaur warrior simulacrum hits you!
The centaur warrior simulacrum freezes you!!
The centaur warrior simulacrum kicks you but does no damage.
Cicylist's ghost hits you but does no damage.
You are more poisoned.
The frost giant casts a spell at you. The bolt of cold misses you.
The centaur warrior simulacrum hits you but does no damage.
The centaur warrior simulacrum kicks you.
* * * LOW HITPOINT WARNING * * *
The centaur warrior simulacrum freezes you!!
* * * LOW HITPOINT WARNING * * *
You climb upwards.
* * * LOW HITPOINT WARNING * * *
You feel extremely sick.
There is a stone staircase leading down here.
You take 61 damage, and have 21/162 hp.
MASSIVE DAMAGE!!
You regained 2 mp, and now have 17/47 mp.
Casting: Apportation (safe; 1% risk of failure)
Confirm with . or Enter, or press ? or * to list all spells.
Casting: Starburst (dangerous; 3% risk of failure)
Press: ? - help, Dir - look around, f - activate The bolt of fire hits the frost giant!!
The frost giant resists.
The bolt of fire hits Cicylist's ghost!!!
You feel very sick.
The frost giant hits you with a +1 battleaxe of freezing!!
You die...

......# ##.# ####'##### ##'####
##..# #.### #..## ##..## #...#
##..# #..## #####'#### ####'##
##'######### #........# #.)...#
#..........### #........#
#.###.###..........'.# #........#
..#...#.'..........#.###........#
#####.'.#.......@C.#...'........'
......###..........#####........#
####### #..........# ##########
#..........# ############


You could see a frost giant.

Vanquished Creatures
  5 thorn hunters
  Donald (Spider:1)
  A frost giant (D:12)
  6 emperor scorpions
  A fire giant (D:12)
  3 ghost moths (Spider:4)
  Louise (D:14)
  2 orc warlords (Orc:1)
  The ghost of Cicylist the Cleaver, a journeyman FoFi of Okawaru (D:13)
  2 broodmothers (Spider:4)
  7 eleionomae
  A minotaur (Gauntlet)
  4 spark wasps
  2 bunyips
  A fire dragon (Lair:1)
  A shambling mangrove (Swamp:4)
  Josephine (Lair:5)
  3 entropy weavers
  3 vault guards (D:14)
  An ice dragon (D:14)
  Erolcha (D:9)
  3 ghost crabs
  18 hydras
  2 merfolk aquamancers
  7 centaur warriors
  5 jorogumos (Spider:4)
  7 two-headed ogres
  A radroach (Spider:2)
  Erica (D:7)
  7 boulder beetles
  A deep troll earth mage (D:12)
  8 death scarabs (Spider:4)
  4 death yaks (Lair:5)
  11 alligators
  Urug (D:13)
  3 orc high priests (Orc:2)
  Lodul (D:13)
  A spectral death yak (Lair:3)
  4 pharaoh ants
  2 skysharks
  A goliath frog (Swamp:1)
  3 spriggan druids
  A spectral hydra (Lair:3)
  5 bog bodies
  5 swamp dragons
  A spectral jorogumo (Spider:4)
  A spectral wolf spider (Spider:4)
  12 orb spiders
  A phantasmal warrior (D:12)
  8 steelbarb worms
  7 orc knights
  7 orc sorcerers
  4 manticores
  4 will-o-the-wisps
  2 wolf spider zombies (Spider:4)
  5 ugly things
  5 cyclopes
  18 wolf spiders
  4 moths of wrath
  17 slime creatures
  4 black mambas
  A torpor snail (Spider:1)
  5 demonic crawlers
  2 water nymphs (D:12)
  3 gargoyles
  11 cane toads
  4 rime drakes
  2 yaktaurs (D:14)
  2 spectral redbacks (Spider:4)
  6 komodo dragons
  2 unseen horrors
  2 redback zombies (Spider:4)
  3 kobold demonologists
  2 tengu conjurers
  A queen bee (Gauntlet)
  5 trolls
  9 tyrant leeches
  4 meliai
  A polar bear (shapeshifter) (D:14)
  Prince Ribbit (D:8)
  A spectral tarantella (Spider:4)
  5 polar bears
  18 hornets
  A bloated husk (Swamp:1)
  2 spectral culicivoras (Spider:4)
  A wolf spider simulacrum (D:14)
  18 tarantellas
  A spectral jumping spider (Spider:4)
  2 tarantella zombies (Spider:4)
  A spectral elephant (Lair:3)
  7 blink frogs
  A culicivora zombie (Spider:4)
  A spectral black mamba (Lair:3)
  A water elemental (D:14)
  33 jumping spiders
  Sigmund (D:3)
  A centaur simulacrum (D:14)
  A culicivora (shapeshifter) (D:14)
  7 wraiths
  22 spriggans
  2 shadows
  43 yaks
  2 wyverns
  3 vampires
  26 culicivoras
  5 basilisks
  Grum (D:8)
  12 vampire mosquitoes
  4 steam dragons
  57 redbacks
  A redback simulacrum (D:14)
  3 wargs (Orc:1)
  21 swamp worms
  7 water moccasins
  2 ice beasts
  A spectral polar bear (Lair:3)
  36 orc warriors
  5 black bears
  10 swamp drakes (Swamp:4)
  4 boggarts (Lair:5)
  15 ogres
  43 wolves
  13 centaurs
  A phantom (D:5)
  Blork the orc (D:5)
  5 kobold brigands
  19 bullfrogs
  A gnoll sergeant (D:8)
  7 scorpions
  13 wights
  9 killer bees
  2 electric eels
  7 howler monkeys
  4 hounds
  28 orc priests
  6 jellies
  Crazy Yiuf (D:3)
  A gnoll bouda (D:6)
  2 sleepcaps
  4 iguanas
  21 orc wizards
  Natasha (D:2)
  A mummy (D:6)
  11 gnolls
  7 adders
  A white imp (D:6)
  An ufetubus (D:6)
  122 orcs
  5 ball pythons
  9 endoplasms
  2 giant cockroaches (D:4)
  9 goblins
  9 hobgoblins
  21 kobolds
  A quokka (D:1)
  2 bats
  3 frilled lizards
  7 rats
  A fulminant prism (Swamp:3)
1102 creatures vanquished.

Vanquished Creatures (others)
  An unseen horror (D:12)
  A bloated husk (Swamp:3)
  18 foxfires
  260 fulminant prisms
280 creatures vanquished.

Grand Total: 1382 creatures vanquished

Notes
Turn   | Place    | Note
-------+----------+-------------------------------------------
     0 | D:1      | IndexError the Demigod Conjurer began the quest for the
                  | Orb.
     0 | D:1      | Reached XP level 1. HP: 14/14 MP: 5/5
    94 | D:1      | Reached skill level 2 in Spellcasting
   302 | D:1      | Reached XP level 2. HP: 20/20 MP: 5/7
   768 | D:2      | Reached skill level 4 in Conjurations
   775 | D:1      | Learned a level 2 spell: Searing Ray
  1189 | D:2      | Reached XP level 3. HP: 26/26 MP: 6/9
  1228 | D:2      | Noticed Natasha
  1232 | D:2      | Killed Natasha
  1502 | D:2      | Reached skill level 3 in Spellcasting
  1970 | D:3      | Found Ontikh's Weapon Emporium.
  1986 | D:3      | Reached XP level 4. HP: 33/33 MP: 6/11
  2376 | D:3      | Noticed Sigmund
  2392 | D:3      | Killed Sigmund
  2393 | D:3      | Reached skill level 4 in Spellcasting
  2393 | D:3      | Reached skill level 5 in Conjurations
  2393 | D:3      | Reached XP level 5. HP: 38/38 MP: 0/14
  2743 | D:3      | Found a runed translucent door.
  2744 | D:3      | Noticed Crazy Yiuf
  2872 | D:3      | Learned a level 4 spell: Fulminant Prism
  2877 | D:3      | Learned a level 4 spell: Iskenderun's Mystic Blast
  2993 | D:4      | HP: 6/38 [iguana (8)]
  3257 | D:4      | Reached XP level 6. HP: 37/45 MP: 6/15
  3678 | D:4      | Found a staircase to the Ecumenical Temple.
  3936 | D:4      | Reached skill level 6 in Conjurations
  4425 | D:4      | Reached XP level 7. HP: 50/50 MP: 10/17
  4596 | D:5      | Entered Level 5 of the Dungeon
  4603 | D:5      | Reached skill level 5 in Spellcasting
  4696 | D:5      | Noticed Blork the orc
  4785 | D:5      | Reached skill level 1 in Hexes
  4872 | D:5      | Reached skill level 2 in Hexes
  5008 | D:5      | Reached skill level 3 in Hexes
  5061 | D:5      | Reached skill level 7 in Conjurations
  5184 | D:5      | Reached XP level 8. HP: 48/57 MP: 11/19
  5317 | D:5      | Reached skill level 4 in Hexes
  5386 | D:5      | Killed Blork the orc
  6254 | D:6      | Reached skill level 5 in Hexes
  6319 | D:6      | Reached skill level 8 in Conjurations
  6414 | D:5      | Reached skill level 9 in Conjurations
  6562 | D:6      | Noticed a manticore
  6606 | D:6      | Killed a manticore
  6607 | D:6      | Reached XP level 9. HP: 37/62 MP: 2/20
  7093 | D:6      | Reached skill level 1 in Fighting
  7093 | D:6      | Reached skill level 10 in Conjurations
  7093 | D:6      | Reached skill level 1 in Translocations
  7502 | D:7      | Reached skill level 2 in Fighting
  7502 | D:7      | Reached skill level 2 in Translocations
  8331 | D:8      | Reached skill level 3 in Fighting
  8331 | D:8      | Reached skill level 3 in Translocations
  8409 | D:8      | Noticed a two-headed ogre
  8462 | D:8      | Killed a two-headed ogre
  8463 | D:8      | Reached skill level 4 in Fighting
  8463 | D:8      | Reached skill level 4 in Translocations
  8500 | D:8      | Noticed Erica
  8528 | D:7      | Killed Erica
  8529 | D:7      | Reached XP level 10. HP: 56/80 MP: 0/21
  8658 | D:8      | Reached skill level 5 in Fighting
  8680 | D:7      | HP: 13/81 [vampire mosquito (8)]
  8683 | D:7      | Reached skill level 5 in Translocations
  9123 | D:8      | Noticed a cyclops
  9134 | D:8      | Killed a cyclops
  9135 | D:8      | Reached skill level 6 in Fighting
  9140 | D:8      | Noticed Grum
  9141 | D:8      | Noticed Prince Ribbit
  9146 | D:8      | Killed Grum
  9147 | D:8      | Killed Prince Ribbit
  9148 | D:8      | Reached skill level 7 in Fighting
  9317 | D:8      | Noticed a seven-headed hydra
  9324 | D:8      | Killed a seven-headed hydra
  9325 | D:8      | Reached skill level 8 in Fighting
 10211 | D:9      | Noticed Erolcha
 10215 | D:9      | Killed Erolcha
 10216 | D:9      | Reached skill level 9 in Fighting
 10554 | D:9      | Found a staircase to the Orcish Mines.
 10991 | D:9      | Reached XP level 11. HP: 99/99 MP: 18/22
 11459 | D:9      | Reached skill level 10 in Fighting
 11542 | D:9      | Noticed a centaur warrior
 11553 | D:9      | Killed a centaur warrior
 12228 | D:10     | Entered Level 10 of the Dungeon
 12287 | D:10     | Found a staircase to the Lair.
 12300 | D:10     | Noticed a two-headed ogre
 12311 | D:10     | Killed a two-headed ogre
 12312 | D:10     | Reached skill level 11 in Fighting
 12628 | D:10     | Reached skill level 2 in Dodging
 12928 | D:10     | Noticed a centaur warrior
 12934 | D:10     | Reached skill level 1 in Evocations
 12935 | D:10     | Killed a centaur warrior
 13063 | D:10     | Reached skill level 2 in Evocations
 13064 | D:10     | Reached skill level 3 in Dodging
 13845 | D:11     | Noticed a two-headed ogre
 13851 | D:11     | Killed a two-headed ogre
 13940 | D:11     | Found a gate leading to a gauntlet.
 13941 | D:11     | Noticed a two-headed ogre
 13948 | D:11     | Killed a two-headed ogre
 13949 | D:11     | Reached skill level 3 in Evocations
 14030 | Gauntlet | Entered a Gauntlet
 14030 | Gauntlet | Found a runed translucent door.
 14030 | Gauntlet | Found a transporter.
 14030 | Gauntlet | Found a runed translucent door.
 14037 | Gauntlet | Found a transporter.
 14040 | Gauntlet | Found a transporter.
 14049 | Gauntlet | Found a runed translucent door.
 14051 | Gauntlet | Found a transporter.
 14053 | Gauntlet | Found a transporter.
 14055 | Gauntlet | Noticed a ghost crab
 14057 | Gauntlet | Found a runed translucent door.
 14060 | Gauntlet | Found a runed translucent door.
 14062 | Gauntlet | Found a transporter.
 14078 | Gauntlet | Found a transporter.
 14082 | Gauntlet | Noticed a blizzard demon
 14085 | Gauntlet | Noticed a large abomination
 14096 | Gauntlet | Found a transporter.
 14108 | Gauntlet | Noticed a large abomination
 14111 | Gauntlet | Found a transporter.
 14115 | Gauntlet | Found a transporter.
 14119 | Gauntlet | Noticed a large abomination
 14124 | Gauntlet | Found a transporter.
 14128 | Gauntlet | Noticed a soul eater
 14129 | Gauntlet | Found a transporter.
 14151 | Gauntlet | Noticed a sixfirhy
 14152 | Gauntlet | Found a transporter.
 14152 | Gauntlet | Noticed a sixfirhy
 14155 | Gauntlet | Noticed a sixfirhy
 14166 | Gauntlet | Found a transporter.
 14216 | Gauntlet | Reached skill level 4 in Dodging
 14476 | Gauntlet | Identified the +1 cloak "Fivuseh" {MP+9}
 14536 | Gauntlet | Killed a ghost crab
 14537 | Gauntlet | Reached skill level 4 in Evocations
 14547 | Gauntlet | Identified the +2 cloak "Comita Aluc" {rPois rF- Dex+3}
 14676 | Gauntlet | Noticed a minotaur
 14690 | Gauntlet | Killed a minotaur
 14708 | Gauntlet | Got the Precepts of the Hiemal Syncline
 14887 | D:11     | Found a portal to a secret trove of treasure.
 15064 | D:11     | Reached skill level 12 in Fighting
 15303 | D:11     | Reached XP level 12. HP: 95/112 MP: 23/23
 15309 | D:11     | Reached skill level 5 in Dodging
 15693 | D:11     | HP: 23/102 [orc knight/bolt (12)]
 15940 | D:11     | Reached skill level 5 in Evocations
 16199 | D:11     | Learned a level 4 spell: Sticky Flame
 16311 | D:12     | Reached skill level 6 in Dodging
 16485 | D:12     | Noticed a merfolk aquamancer
 16490 | D:12     | Noticed a merfolk aquamancer
 16518 | D:12     | Killed a merfolk aquamancer
 16519 | D:12     | Reached skill level 6 in Evocations
 16671 | D:11     | HP: 19/112 [merfolk aquamancer/torrent of water (29)]
 16672 | D:11     | Killed a merfolk aquamancer
 17198 | D:12     | Reached skill level 7 in Dodging
 17390 | D:12     | HP: 20/112 [centaur/arrow (9)]
 17780 | D:12     | Reached skill level 7 in Evocations
 18420 | D:12     | Reached skill level 8 in Dodging
 18598 | D:12     | Noticed a frost giant
 18717 | D:12     | HP: 27/112 [frost giant/bolt of cold (32)]
 18719 | D:12     | Killed a frost giant
 18720 | D:12     | Reached skill level 8 in Evocations
 19053 | D:12     | Noticed a centaur warrior
 19053 | D:12     | Noticed a boulder beetle
 19198 | Lair:1   | Entered Level 1 of the Lair of Beasts
 19373 | Lair:1   | Reached XP level 13. HP: 83/118 MP: 24/24
 20002 | Lair:1   | Gained mutation: You expend magic power (3 MP) to
                  | strengthen your wands. [potion of mutation]
 20002 | Lair:1   | Gained mutation: You are robust. (+10% HP) [potion of
                  | mutation]
 20346 | Lair:2   | Reached skill level 9 in Dodging
 20603 | Lair:2   | Reached skill level 9 in Evocations
 21819 | Lair:3   | Reached skill level 10 in Dodging
 21837 | Lair:3   | Reached skill level 10 in Evocations
 21995 | Lair:3   | Reached skill level 1 in Armour
 22046 | Lair:3   | HP: 21/127 [boulder beetle (23)]
 22493 | Lair:3   | Found a hole to the Spider Nest.
 22525 | Lair:3   | Reached skill level 2 in Armour
 23555 | Lair:3   | Reached skill level 3 in Armour
 23636 | Lair:3   | Found a staircase to the Swamp.
 23906 | Lair:4   | Reached skill level 6 in Spellcasting
 24029 | Lair:4   | You fall into a shaft and drop 1 floor!
 24029 | Lair:5   | Entered Level 5 of the Lair of Beasts
 24423 | Lair:4   | Found a staircase to the Slime Pits.
 24861 | Lair:5   | Reached skill level 4 in Armour
 25341 | Lair:5   | Reached skill level 5 in Armour
 25341 | Lair:5   | Reached XP level 14. HP: 138/138 MP: 17/28
 25344 | Lair:5   | Reached skill level 7 in Spellcasting
 25647 | Lair:5   | Noticed Josephine
 25653 | Lair:5   | Killed Josephine
 25663 | Lair:5   | Reached skill level 6 in Armour
 26289 | Lair:5   | Reached skill level 8 in Spellcasting
 26850 | Orc:1    | Entered Level 1 of the Orcish Mines
 26853 | Orc:1    | Learned a level 1 spell: Apportation
 26856 | Orc:1    | Learned a level 2 spell: Passwall
 26862 | Orc:1    | Learned a level 5 spell: Fireball
 26936 | Orc:1    | Noticed an orc warlord
 27085 | Orc:1    | Killed an orc warlord
 27086 | Orc:1    | Reached skill level 7 in Armour
 27089 | Orc:1    | Paralysed by an orc sorcerer for 5 turns
 27511 | Orc:2    | Entered Level 2 of the Orcish Mines
 27591 | Orc:2    | Paralysed by an orc sorcerer for 4 turns
 27880 | Orc:2    | Noticed an orc warlord
 28577 | Orc:1    | Killed an orc warlord
 28829 | Orc:2    | Reached skill level 9 in Spellcasting
 28890 | Orc:2    | Reached skill level 8 in Armour
 29254 | Orc:2    | Found Puate's Self-Improvement Boutique.
 29255 | Orc:2    | Found a staircase to the Elven Halls.
 29327 | Orc:2    | Paralysed by an orc sorcerer for 5 turns
 29370 | Orc:2    | Found Kisuk's General Store.
 29371 | Orc:2    | Found Oxzothro's Book Emporium.
 29373 | Orc:2    | Found Mavest's Antique Armour Shoppe.
 29373 | Orc:2    | Found Jeuz's Antique Weapon Shoppe.
 29390 | Orc:2    | Bought a book of Spatial Translocations for 288 gold pieces
 29393 | Orc:2    | Learned a level 2 spell: Blink
 29470 | Orc:2    | Bought a pair of embroidered boots for 232 gold pieces
 29509 | Orc:2    | Bought a manual of Conjurations for 1120 gold pieces
 29509 | Orc:2    | Bought a manual of Spellcasting for 1120 gold pieces
 30177 | D:13     | Noticed Urug
 30188 | D:13     | Killed Urug
 30499 | D:13     | Noticed Lodul
 30511 | D:13     | Reached skill level 10 in Spellcasting
 30511 | D:13     | Killed Lodul
 30512 | D:13     | Reached skill level 9 in Armour
 30663 | D:13     | Identified the +0 whip of the Demagogue {venom, Str+2}
 30907 | D:14     | Found a runed translucent gate.
 30907 | D:14     | Found a runed translucent gate.
 30908 | D:14     | Found a runed translucent gate.
 31207 | D:14     | Noticed Louise
 31217 | D:13     | Learned a level 6 spell: Plasma Beam
 31231 | D:14     | Identified the ring "Zeubbecit" {Fire Stlth+}
 31231 | D:14     | Noticed a frost giant
 31231 | D:14     | Noticed Cicylist's ghost (journeyman FoFi)
 31234 | D:13     | Upgraded the game from 0.30.0-19-g36f170ea60 to
                  | 0.30.0-20-g3b4254fcbd
 31417 | Swamp:1  | Entered Level 1 of the Swamp
 31781 | Swamp:1  | Reached skill level 1 in Fire Magic
 31896 | Swamp:1  | Reached XP level 15. HP: 90/146 MP: 30/33
 32075 | Swamp:1  | Reached skill level 2 in Fire Magic
 32127 | Swamp:1  | Reached skill level 10 in Armour
 32342 | Swamp:1  | Reached skill level 3 in Fire Magic
 32948 | Swamp:2  | Reached skill level 4 in Fire Magic
 33399 | Swamp:2  | Identified the +6 quarterstaff "Gyis" {freeze, +Blink
                  | Str+2}
 33611 | Swamp:2  | Noticed a thorn hunter
 33620 | Swamp:2  | Killed a thorn hunter
 33621 | Swamp:2  | Reached skill level 5 in Fire Magic
 34212 | Swamp:3  | Reached skill level 6 in Fire Magic
 34414 | Swamp:3  | Noticed a thorn hunter
 34430 | Swamp:3  | Killed a thorn hunter
 34924 | Swamp:3  | Reached skill level 7 in Fire Magic
 35023 | Swamp:4  | Entered Level 4 of the Swamp
 35050 | Swamp:3  | HP: 34/146 [alligator (11)]
 35477 | Swamp:4  | Noticed a thorn hunter
 35483 | Swamp:4  | Killed a thorn hunter
 35484 | Swamp:4  | Reached skill level 8 in Fire Magic
 35689 | Swamp:4  | Reached skill level 9 in Fire Magic
 35844 | Swamp:4  | Noticed a thorn hunter
 35880 | Swamp:4  | Killed a thorn hunter
 35966 | Swamp:4  | Reached skill level 10 in Fire Magic
 35977 | Swamp:4  | Noticed a thorn hunter
 35984 | Swamp:4  | Killed a thorn hunter
 36234 | Swamp:4  | Got a decaying rune of Zot
 36272 | Swamp:4  | Reached skill level 1 in Air Magic
 36555 | Swamp:4  | Reached skill level 2 in Air Magic
 36567 | Swamp:4  | Reached XP level 16. HP: 94/152 MP: 12/35
 36677 | Swamp:4  | Reached skill level 3 in Air Magic
 37116 | Spider:1 | Entered Level 1 of the Spider Nest
 37315 | Spider:1 | Noticed Donald
 37391 | Spider:1 | Killed Donald
 37392 | Spider:1 | Reached skill level 4 in Air Magic
 37953 | Spider:1 | Reached skill level 11 in Spellcasting
 38395 | Spider:1 | Reached skill level 5 in Air Magic
 38841 | D:11     | Learned a level 6 spell: Starburst
 39262 | Spider:1 | Reached skill level 12 in Spellcasting
 39628 | Spider:2 | Reached skill level 6 in Air Magic
 39956 | Spider:2 | Got the Exposition on Mutated Conjuration
 40048 | Spider:2 | Reached skill level 7 in Air Magic
 41299 | Spider:3 | Reached skill level 8 in Air Magic
 42443 | Spider:4 | Entered Level 4 of the Spider Nest
 42587 | Spider:3 | Reached skill level 9 in Air Magic
 43233 | Spider:3 | Reached skill level 10 in Air Magic
 43323 | Spider:3 | Reached skill level 1 in Earth Magic
 43386 | Spider:4 | Reached skill level 2 in Earth Magic
 43668 | Spider:4 | Reached skill level 3 in Earth Magic
 43782 | Spider:4 | Reached skill level 4 in Earth Magic
 43794 | Spider:4 | Reached XP level 17. HP: 99/160 MP: 5/38
 44247 | Spider:4 | Reached skill level 5 in Earth Magic
 44556 | Spider:4 | Reached skill level 6 in Earth Magic
 44702 | Spider:4 | Noticed Asterion
 45485 | Spider:4 | Reached skill level 11 in Fire Magic
 45543 | Spider:4 | Got a gossamer rune of Zot
 46115 | D:3      | Killed Crazy Yiuf
 46758 | D:14     | Killed Louise
 46800 | D:14     | Identified the +6 whip "Nenete" {flame, +Blink rPois Str+4}
 47357 | D:14     | Found a gate to the Vaults.
 47533 | D:14     | HP: 28/162 [centaur warrior simulacrum (19)]
 47535 | D:13     | Killed Cicylist's ghost
 47535 | D:13     | Slain by a frost giant

Illustrated notes

Levels and vault maps discovered:
D:1:      tarquinn_simple_flora_water_c, layout_rooms
D:2:      minmay_inner_zag, layout_loops_ring, basic_altar,
          nicolae_ecumenical_oubliette, hangedman_decor_diamond_cutter,
          uniq_natasha
D:3:      layout_rooms, serial_shops, nicolae_shop_trees,
          uniq_crazy_yiuf_cottage, uniq_sigmund
D:4:      layout_basic, mainiacjoe_overflow_chevrons, minitemple,
          minmay_temple_entry_poolview
D:5:      layout_loops_ring, st_stairs_10, uniq_blork_the_orc
D:6:      layout_rooms, nicolae_uskayaw_suspiria, slow_altar_1,
          nicolae_ashenzari_panopticon, grunt_potential
D:7:      hellmonk_destroyed_diamonds, layout_rooms
D:8:      minmay_distorted_concentric_squares, layout_basic,
          mainiacjoe_overflow_boulevard, enter_bailey_5, eino_tiny_chamber,
          uniq_grum, uniq_erica, uniq_prince_ribbit1
D:9:      layout_rooms, gammafunk_temple_overflow_elements, hiddenorc2_lemuel,
          serial_rivers, chequers_serial_rivers_small_b,
          chequers_serial_rivers_micro_c, chequers_serial_rivers_marsh,
          chequers_serial_rivers_micro_a, wad_mini_maze, uniq_erolcha
D:10:     layout_grid_maze, lair_entry_dummy
D:11:     layout_small_grid, gauntlet_entry_generic, trove_entry_hex_spiral,
          nrook_campfire, hangedman_abyss_or_decor_stagger,
          roderic_three_in_a_row
D:12:     thingy_vault, layout_irregular_city, nicolae_splish_splash
D:13:     layout_roguey, uniq_urug, uniq_lodul
D:14:     layout_cave_pools, grunt_vaults_entry_fortified, fedhas_altar_2,
          gammafunk_ghost_icy, nicolae_water_bricks, uniq_louise
Lair:1:   dragon1_lemuel, layout_misc_corridors, ldierk_geyser,
          lemuel_fruit_tree, infiniplex_staircase_pool_2
Lair:2:   layout_regular_city, minmay_holes, beast_lair_carwin_7,
          lemuel_fruit_fields
Lair:3:   layout_layer_cave, nicolae_swamp_entry_spooky,
          nicolae_spider_entry_tight_spaces, grunt_megastairs_1,
          serial_bayou_shore_a, lemuel_fruit_fields
Lair:4:   layout_loops_ring, nicolae_slime_entry_field_trip,
          infiniplex_staircase_pool
Lair:5:   minmay_lair_end_enchanted_forest, layout_regular_city, st_stairs_12,
          uniq_josephine
Swamp:1:  layout_falls_marsh, nicolae_swamp_tree_designs
Swamp:2:  layout_basic_swamp, serial_swamp_ruin, evilmike_swamp_ruin_house_6,
          evilmike_swamp_ruin_house_2, hangedman_swamp_ruin_wall, swamp_pool1
Swamp:3:  layout_basic_swamp, evilmike_swamp_ruin_house_1
Swamp:4:  swamp_basic_johnstein, layout_basic_swamp, swamp_pool5
Spider:1: layout_cave_pods, hangedman_spider_tarantella_strand, uniq_donald
Spider:2: layout_cave_pods
Spider:3: layout_spider_delve, nicolae_spider_cling_halls
Spider:4: floodkiller_spider_rune_tomb, drop_trap, nicolae_spider_claw_tunnel,
          uniq_asterion
Orc:1:    layout_caves, nicolae_orc_rich_vein
Orc:2:    st_orc_congregation, layout_caves, nicolae_shop_self_help

Skill      XL: |  1  2  3  4  5  6  7  8  9 10 11 12 13 14 15 16 17 |
---------------+----------------------------------------------------+-----
Spellcasting   | 2 3 4 5 6 10 12 | 12.0
Conjurations   | 4 5 6 7 9 10 | 10.0
Hexes          | 3 5 |  5.0
Fighting       | 4 9 12 | 12.9
Translocations | 4 5 |  5.0
Dodging        | 4 8 10 | 10.0
Evocations     | 4 8 10 | 10.0
Armour         | 5 9 10 | 10.4
Fire Magic     | 1 10 11 | 11.4
Air Magic      | 2 10 | 10.8
Earth Magic    | 4 6 |  6.0
Stealth        | |  1.7

Action                     |  1- 3 |  4- 6 |  7- 9 | 10-12 | 13-15 | 16-18 || total
---------------------------+-------+-------+-------+-------+-------+-------++-------
  Melee: Spear             |     6 |     2 |       |       |       |       ||     8
         Short sword       |       |     8 |    18 |   288 |   488 |       ||   802
         Punch             |       |       |       |     4 |     6 |     1 ||    11
         Quarterstaff      |       |       |       |       |    40 |    62 ||   102
         Staff             |       |       |       |       |       |   103 ||   103
   Cast: Magic Dart        |    78 |    77 |    92 |   167 |   631 |   256 ||  1301
         Searing Ray       |       |    12 |    44 |    37 |    39 |     9 ||   141
         Fulminant Prism   |       |       |    20 |    79 |   139 |    24 ||   262
         Iskenderun's Myst |       |       |       |    79 |   267 |    80 ||   426
         Sticky Flame      |       |       |       |    15 |   104 |    88 ||   207
         Fireball          |       |       |       |       |    80 |    42 ||   122
         Blink             |       |       |       |       |     5 |     1 ||     6
         Plasma Beam       |       |       |       |       |       |   146 ||   146
         Starburst         |       |       |       |       |       |    12 ||    12
  Evoke: Wand              |       |       |       |    10 |     3 |       ||    13
    Use: Scroll            |       |       |    13 |     5 |    12 |     6 ||    36
         Potion            |       |       |       |       |     6 |     1 ||     7
   Stab: Sleeping          |       |     1 |       |     1 |     3 |       ||     5
         Distracted        |       |       |       |     1 |       |       ||     1
 Armour: Robe              |     1 |     2 |    37 |    33 |       |       ||    73
         Steam dragon scal |       |       |       |    86 |       |       ||    86
         Leather armour    |       |       |       |   125 |   588 |   346 ||  1059
  Dodge: Dodged            |     7 |    22 |    49 |   354 |   880 |   393 ||  1705

Levels and vault maps discovered:
D:1:      tarquinn_simple_flora_water_c, layout_rooms
D:2:      minmay_inner_zag, layout_loops_ring, basic_altar,
          nicolae_ecumenical_oubliette, hangedman_decor_diamond_cutter,
          uniq_natasha
D:3:      layout_rooms, serial_shops, nicolae_shop_trees,
          uniq_crazy_yiuf_cottage, uniq_sigmund
D:4:      layout_basic, mainiacjoe_overflow_chevrons, minitemple,
          minmay_temple_entry_poolview
D:5:      layout_loops_ring, st_stairs_10, uniq_blork_the_orc
D:6:      layout_rooms, nicolae_uskayaw_suspiria, slow_altar_1,
          nicolae_ashenzari_panopticon, grunt_potential
D:7:      hellmonk_destroyed_diamonds, layout_rooms
D:8:      minmay_distorted_concentric_squares, layout_basic,
          mainiacjoe_overflow_boulevard, enter_bailey_5, eino_tiny_chamber,
          uniq_grum, uniq_erica, uniq_prince_ribbit1
D:9:      layout_rooms, gammafunk_temple_overflow_elements, hiddenorc2_lemuel,
          serial_rivers, chequers_serial_rivers_small_b,
          chequers_serial_rivers_micro_c, chequers_serial_rivers_marsh,
          chequers_serial_rivers_micro_a, wad_mini_maze, uniq_erolcha
D:10:     layout_grid_maze, lair_entry_dummy
D:11:     layout_small_grid, gauntlet_entry_generic, trove_entry_hex_spiral,
          nrook_campfire, hangedman_abyss_or_decor_stagger,
          roderic_three_in_a_row
D:12:     thingy_vault, layout_irregular_city, nicolae_splish_splash
D:13:     layout_roguey, uniq_urug, uniq_lodul
D:14:     layout_cave_pools, grunt_vaults_entry_fortified, fedhas_altar_2,
          gammafunk_ghost_icy, nicolae_water_bricks, uniq_louise
Lair:1:   dragon1_lemuel, layout_misc_corridors, ldierk_geyser,
          lemuel_fruit_tree, infiniplex_staircase_pool_2
Lair:2:   layout_regular_city, minmay_holes, beast_lair_carwin_7,
          lemuel_fruit_fields
Lair:3:   layout_layer_cave, nicolae_swamp_entry_spooky,
          nicolae_spider_entry_tight_spaces, grunt_megastairs_1,
          serial_bayou_shore_a, lemuel_fruit_fields
Lair:4:   layout_loops_ring, nicolae_slime_entry_field_trip,
          infiniplex_staircase_pool
Lair:5:   minmay_lair_end_enchanted_forest, layout_regular_city, st_stairs_12,
          uniq_josephine
Swamp:1:  layout_falls_marsh, nicolae_swamp_tree_designs
Swamp:2:  layout_basic_swamp, serial_swamp_ruin, evilmike_swamp_ruin_house_6,
          evilmike_swamp_ruin_house_2, hangedman_swamp_ruin_wall, swamp_pool1
Swamp:3:  layout_basic_swamp, evilmike_swamp_ruin_house_1
Swamp:4:  swamp_basic_johnstein, layout_basic_swamp, swamp_pool5
Spider:1: layout_cave_pods, hangedman_spider_tarantella_strand, uniq_donald
Spider:2: layout_cave_pods
Spider:3: layout_spider_delve, nicolae_spider_cling_halls
Spider:4: floodkiller_spider_rune_tomb, drop_trap, nicolae_spider_claw_tunnel,
          uniq_asterion
Orc:1:    layout_caves, nicolae_orc_rich_vein
Orc:2:    st_orc_congregation, layout_caves, nicolae_shop_self_help

Table legend: (Time is in decaauts)
 A = Elapsed time spent in this place.
 B = Non-inter-level travel time spent in this place.
 C = Inter-level travel time spent in this place.
 D = Time resting spent in this place.
 E = Time spent auto-exploring this place.
 F = Levels seen in this place.
 G = Mean time per level.
                   A        B        C        D        E       F      G
               +--------+--------+--------+--------+--------+-----+--------+
         Total |  48052 |  43822 |   4230 |    529 |  35624 |  30 | 1601.7 |
       Dungeon |  22325 |  20044 |   2281 |    313 |  16669 |  14 | 1594.6 |
          Lair |   8162 |   7248 |    914 |     26 |   5892 |   5 | 1632.4 |
         Swamp |   5787 |   5503 |    284 |     88 |   4385 |   4 | 1446.8 |
   Spider Nest |   8457 |   7943 |    514 |      8 |   6528 |   4 | 2114.2 |
  Orcish Mines |   2572 |   2336 |    236 |     94 |   1675 |   2 | 1286.0 |
      Gauntlet |    746 |    746 |      0 |      0 |    474 |   1 |  746.0 |
               +--------+--------+--------+--------+--------+-----+--------+

Top non-repeatable levels by time:
    D:11: 3280 daAuts
  Lair:3: 2619 daAuts
Spider:3: 2599 daAuts
     D:9: 2284 daAuts
Spider:1: 2274 daAuts
    D:12: 2060 daAuts
  Lair:5: 1892 daAuts
Spider:4: 1830 daAuts
Spider:2: 1753 daAuts
    D:10: 1713 daAuts
 Swamp:1: 1704 daAuts
 Swamp:3: 1686 daAuts
   Orc:1: 1618 daAuts
     D:4: 1617 daAuts
     D:6: 1615 daAuts

Table legend:
 A = Kills in this place as a percentage of kills in the entire game.
 B = Kills by you in this place as a percentage of kills by you in the entire game.
 C = Kills by friends in this place as a percentage of kills by friends in the entire game.
 D = Other kills in this place as a percentage of other kills in the entire game.
 E = Experience gained in this place as a percentage of experience gained in the entire game.
 F = Experience gained in this place divided by the number of levels of this place that you have seen.
                   A       B       C       D       E      F
               +-------+-------+-------+-------+-------+----------------------
         Total | 100.0 | 100.0 |   N/A | 100.0 | 100.0 | 10155.9
       Dungeon |  37.7 |  37.7 |   N/A | 100.0 |  23.6 | 5127.7
          Lair |  16.9 |  16.9 |   N/A |   0.0 |  15.0 | 9146.4
         Swamp |  10.9 |  10.9 |   N/A |   0.0 |  21.5 | 16383.0
   Spider Nest |  21.3 |  21.3 |   N/A |   0.0 |  33.6 | 25586.8
  Orcish Mines |  12.3 |  12.4 |   N/A |   0.0 |   5.3 | 8024.0
      Gauntlet |   0.8 |   0.8 |   N/A |   0.0 |   1.1 | 3231.0
               +-------+-------+-------+-------+-------+----------------------
